 Dungeon Crawl Stone Soup version 0.21.1-1-g345015fe64 (webtiles) character file.

55290 Norrik the Impaler (level 14, -5/133 HPs)
             Began as a Minotaur Monk on Mar 25, 2018.
             Was a High Priest of Okawaru.
             Drowned by a drowned soul (17 damage)
             ... summoned by a merfolk avatar
             ... on level 6 of the Lair of Beasts on Mar 26, 2018.
             The game lasted 01:32:27 (20222 turns).

Norrik the Impaler (Minotaur Monk)                 Turns: 20222, Time: 01:32:28

Health: -5/133     AC: 23    Str: 23    XL:     14   Next: 37%
Magic:  18/18      EV:  9    Int:  8    God:    Okawaru [*****.]
Gold:   2082       SH:  5    Dex: 22    Spells: 13/13 levels left

rFire    + . .     SeeInvis .   u - +0 trident
rCold    + + .     Gourm    .   H - +1 buckler {rN+}
rNeg     + + .     Faith    .   L - +0 plate armour
rPois    .         Spirit   .   X - +2 hat "Nioroocs" {Dex+4}
rElec    +         Reflect  .   q - scarf {rC+ rF+}
rCorr    .         Harm     .   y - +1 pair of gloves {Dex+3}
MR       +....                  r - +1 pair of boots "Axzu" {rElec Str+5}
Stlth    ..........             A - amulet of regeneration
HPRegen  0.72/turn              j - ring of protection from cold
MPRegen  0.16/turn              G - ring of positive energy

@: mesmerised, very slow
A: retaliatory headbutt, horns 2
a: Heroism, Finesse, Renounce Religion


You were on level 6 of the Lair of Beasts.
You worshipped Okawaru.
Okawaru was extremely pleased with you.
You were hungry.

You visited 3 branches of the dungeon, and saw 21 of its levels.
You also visited: Bailey.

You collected 2082 gold pieces.

Inventory:

Hand Weapons
 u - a +0 trident (weapon)
 T - a +1 glaive of protection
Armour
 q - a scarf of resistance (worn)
 r - the +1 pair of boots "Axzu" (worn) {rElec Str+5}
   (You found it on level 9 of the Dungeon)

   It affects your strength (+5).
   It insulates you from electricity.
 y - a +1 pair of gloves of dexterity (worn)
 H - a +1 buckler of positive energy (worn)
 L - a +0 plate armour (worn)
 N - a +2 pair of boots of running
 X - the +2 hat "Nioroocs" (worn) {Dex+4}
   (Okawaru gifted it to you on level 2 of the Lair of Beasts)

   It affects your dexterity (+4).
Jewellery
 j - a ring of protection from cold (left hand)
 k - an uncursed ring of stealth
 o - an uncursed ring of protection from fire
 A - an amulet of regeneration (around neck)
 B - an uncursed ring of resist corrosion
 G - a ring of positive energy (right hand)
Wands
 a - a wand of scattershot (5)
 f - a wand of enslavement (30)
 s - a wand of iceblast (9)
 v - a wand of paralysis (15)
 z - a wand of flame (41)
 J - a wand of digging (13)
 O - a wand of clouds (6)
 Q - a wand of acid (13)
Scrolls
 d - 2 scrolls of immolation
 e - 2 scrolls of fog
 g - 4 scrolls of magic mapping
 h - 6 scrolls of enchant armour
 i - 8 scrolls of remove curse
 n - 4 scrolls of teleportation
 C - 4 scrolls of amnesia
 M - 4 scrolls of enchant weapon
 V - a scroll of brand weapon
 W - a scroll of torment
 Z - a scroll of identify
Potions
 b - a potion of magic {unknown}
 l - 2 potions of curing
 p - 6 potions of flight
 w - 2 potions of cancellation
 x - 7 potions of brilliance
 D - 2 potions of mutation
 E - a potion of haste
 F - 2 potions of invisibility
 I - 3 potions of lignification
 K - 2 potions of agility
 S - 3 potions of might
 U - a potion of resistance
Books
 Y - a book of the Sky

   Spells                             Type                      Level
   a - Summon Lightning Spire         Summoning/Air                4
   b - Silence                        Hexes/Air                    5
   c - Deflect Missiles               Charms/Air                   6
   d - Conjure Ball Lightning         Conjuration/Air              6
   e - Tornado                        Air                          9
Miscellaneous
 P - a fan of gales
Comestibles
 c - 43 rations


   Skills:
 + Level 14.7 Fighting
 * Level 18.2 Polearms
 + Level 14.3 Armour
 - Level 3.5 Dodging
 - Level 1.5 Stealth
 - Level 7.0 Invocations
 - Level 5.0 Evocations


You had 13 spell levels left.
You didn't know any spells.

Dungeon Overview and Level Annotations

Branches:
Dungeon (14/15)            Temple (1/1) D:4            Lair (6/6) D:8
 Shoals (0/4) Lair:4        Snake (0/4) Lair:3          Orc (0/2) D:11
  Slime: Lair:5-6    Vaults: D:13-14

Altars:
Ashenzari
Cheibriados
Dithmenos
Elyvilon
Fedhas
Gozag
Hepliaklqana
Kikubaaqudgha
Makhleb
Nemelex Xobeh
Okawaru
Ru
Trog
Vehumet
Wu Jian
Xom
Yredelemnul
Zin

Shops:
D:10 !   D:13 ?

Portals:
Trove: D:12 (give +7 demon trident)

Annotations:
D:13 2 runed doors


Innate Abilities, Weirdness & Mutations

You reflexively headbutt those who attack you in melee.
You have a pair of horns on your head.


Message History

Aim: a merfolk avatar (moderately wounded, mesmerising)
You reach to attack!
Your unstable footing causes you to fumble your attack.
The merfolk avatar chants its luring song.
Attack whom?
Press: ? - help, Dir - move target cursor, f/p - merfolk avatar
Aim: a merfolk avatar (moderately wounded, mesmerising)
You reach to attack!
Your unstable footing causes you to fumble your attack.
The drowned soul touches you. The drowned soul drowns you!
* * * LOW HITPOINT WARNING * * *
You feel much better.
The pull of its song draws you forwards.
The drowned soul touches you. The drowned soul drowns you!
* * * LOW HITPOINT WARNING * * *
The drowned soul touches you. The drowned soul drowns you!
* * * LOW HITPOINT WARNING * * *
The merfolk avatar chants its luring song.
The drowned soul touches you. The drowned soul drowns you!
You die...

.... .≈ .≈##≈.. .$. ≈≈
#≈P≈≈≈≈#≈≈≈# ≈P≈≈≈.. P.
≈≈≈ ≈≈#P≈≈≈P≈≈≈≈≈#
≈≈≈≈...
≈≈#≈≈≈≈≈≈≈≈≈P#P≈≈≈≈##..#
≈≈≈≈≈≈≈?$"?≈≈≈#≈≈≈#P.#...
≈.≈≈≈≈≈!≈≈[≈≈≈#≈≈≈≈≈≈≈.).
8P≈P≈≈=≈≈)P≈≈#≈≈≈≈≈≈≈...
≈≈≈≈≈≈$m$|≈≈≈#≈≈≈#≈##...
#≈≈≈≈@≈≈≈≈≈#≈≈≈≈≈##...
#≈≈≈≈≈≈≈≈≈≈#≈≈≈≈≈≈≈...
#≈≈≈#≈≈≈≈P≈#≈≈≈≈≈P≈...
#8≈≈≈≈≈≈P≈8#8≈≈#≈##≈..
#######.###########≈##...
≈≈≈≈≈≈≈≈≈≈≈≈≈≈≈≈≈≈≈P≈≈...
≈≈≈≈≈≈≈≈≈≈≈≈≈≈≈≈≈≈≈≈≈≈≈..
##≈≈##≈≈##≈≈##≈≈#.≈P#.[..
#≈ #≈P##≈≈##≈≈.#≈≈.#≈..


You could see a merfolk avatar.

Vanquished Creatures
  Snorg (Lair:3)
  Josephine (Lair:4)
  Fannar (D:11)
  10 hydras
  A centaur warrior (D:13)
  4 two-headed ogres
  4 unseen horrors
  A lindwurm (Lair:5)
  An ugly thing (D:12)
  An oklob plant (Lair:4)
  A manticore (D:13)
  5 elephants (Lair:6)
  2 black mambas
  3 merfolk sirens (Lair:4)
  A torpor snail (Lair:3)
  12 spiny frogs
  7 rime drakes
  An efreet (D:13)
  6 komodo dragons
  7 trolls
  A merfolk (Lair:4)
  A polar bear (Lair:5)
  3 hornets (Lair:6)
  13 blink frogs
  3 hippogriffs
  A shadow (D:13)
  A spriggan (Lair:2)
  5 wyverns
  52 yaks
  4 wraiths (Lair:4)
  3 basilisks
  3 hungry ghosts
  A soldier ant (D:13)
  An acid dragon (D:13)
  7 nagas (Lair:3)
  9 water moccasins
  5 porcupines
  4 ice beasts
  4 sky beasts
  6 orc warriors
  A black bear (D:9)
  4 ogres
  3 phantoms
  14 wolves
  13 crocodiles
  19 centaurs
  3 big kobolds
  14 bullfrogs
  Blork the orc (D:4)
  9 gnoll sergeants
  A wyvern zombie (D:13)
  3 scorpions
  A water moccasin skeleton (D:9)
  15 killer bees
  An electric eel (Lair:1)
  2 howler monkeys
  4 crimson imps
  A centaur zombie (D:10)
  2 bullfrog zombies
  3 centaur skeletons
  6 hounds
  15 orc wizards
  A quasit (D:11)
  2 bullfrog skeletons (D:13)
  8 gnoll shamans
  5 orc priests
  7 jellies
  Jessica (D:3)
  5 iguanas
  11 worker ants
  4 hell rats (Lair:3)
  A hound zombie (D:10)
  A hound skeleton (D:5)
  31 gnolls
  6 adders
  2 river rats (D:4)
  A shadow imp (D:12)
  5 oozes (D:10)
  3 adder skeletons (D:4)
  2 worms
  2 dart slugs
  11 leopard geckos
  55 orcs
  6 ball pythons
  2 bats (D:3)
  7 giant cockroaches
  8 goblins
  9 hobgoblins
  6 jackals
  14 kobolds
  A quokka (D:9)
  13 frilled lizards
  A quokka zombie (D:8)
  8 rats
571 creatures vanquished.

Vanquished Creatures (others)
  A bush (Lair:6)
  11 fungi
  21 plants
33 creatures vanquished.

Grand Total: 604 creatures vanquished

Notes
Turn   | Place    | Note
-------+----------+-------------------------------------------
     0 | D:1      | Norrik the Minotaur Monk began the quest for the Orb.
     0 | D:1      | Reached XP level 1. HP: 19/19 MP: 0/0
    70 | D:1      | Reached skill level 4 in Polearms
    76 | D:1      | Reached XP level 2. HP: 16/27 MP: 1/1
   952 | D:2      | Reached XP level 3. HP: 33/33 MP: 2/2
  1015 | D:2      | Reached skill level 1 in Armour
  1063 | D:2      | You fall through a shaft for 2 floors!
  1287 | D:2      | Reached skill level 5 in Polearms
  1287 | D:2      | Reached XP level 4. HP: 16/40 MP: 3/3
  2071 | D:3      | Reached XP level 5. HP: 39/47 MP: 4/4
  2602 | D:3      | Noticed Jessica
  2611 | D:3      | Killed Jessica
  2868 | D:4      | Reached skill level 6 in Polearms
  2902 | D:4      | Noticed a phantom
  2930 | D:4      | Killed a phantom
  2930 | D:4      | Reached skill level 5 in Fighting
  2930 | D:4      | Reached XP level 6. HP: 56/56 MP: 5/5
  2944 | D:4      | Found a staircase to the Ecumenical Temple.
  2955 | Temple   | Entered the Ecumenical Temple
  3027 | Temple   | Became a worshipper of Warmaster Okawaru
  3027 | Temple   | Reached * piety under Okawaru
  3027 | Temple   | Reached ** piety under Okawaru
  3311 | D:4      | Noticed Blork the orc
  3336 | D:4      | Killed Blork the orc
  3336 | D:4      | Reached skill level 7 in Polearms
  3613 | D:4      | Reached XP level 7. HP: 30/62 MP: 6/6
  4353 | D:5      | Entered Level 5 of the Dungeon
  4576 | D:5      | Found a shattered altar of Ashenzari.
  4601 | D:5      | Reached skill level 8 in Polearms
  4657 | D:5      | Found a white marble altar of Elyvilon.
  5031 | D:5      | Reached skill level 5 in Armour
  5098 | D:5      | Found a shadowy altar of Dithmenos.
  5160 | D:5      | Reached XP level 8. HP: 71/71 MP: 7/7
  5403 | D:6      | Reached skill level 9 in Polearms
  5436 | D:6      | Reached *** piety under Okawaru
  6044 | D:6      | Reached skill level 10 in Polearms
  6609 | D:7      | Reached XP level 9. HP: 81/81 MP: 8/8
  6699 | D:7      | Noticed a two-headed ogre
  6708 | D:7      | Killed a two-headed ogre
  6708 | D:7      | Reached **** piety under Okawaru
  6708 | D:7      | Reached skill level 11 in Polearms
  7340 | D:8      | Found a staircase to the Lair.
  7373 | D:8      | Reached ***** piety under Okawaru
  7500 | D:8      | Noticed a troll
  7518 | D:8      | Killed a troll
  7518 | D:8      | Reached skill level 12 in Polearms
  7817 | D:8      | Reached skill level 1 in Invocations
  7854 | D:8      | Reached skill level 1 in Evocations
  8239 | D:9      | Noticed a two-headed ogre
  8285 | D:9      | HP: 3/83 [two-headed ogre/giant spiked club (19)]
  8289 | D:9      | Killed a two-headed ogre
  8289 | D:9      | Reached XP level 10. HP: 9/91 MP: 6/10
  8537 | D:9      | Got a pair of dazzling boots
  8548 | D:9      | Identified the +1 pair of boots "Axzu" {rElec Str+5} (You found it on level 9 of the Dungeon)
  8769 | D:9      | Received a gift from Okawaru
  8792 | D:9      | Identified a +2 pair of boots of running (Okawaru gifted it to you on level 9 of the Dungeon)
  8864 | D:9      | Reached skill level 10 in Fighting
  9457 | D:10     | Entered Level 10 of the Dungeon
  9816 | D:10     | Reached skill level 13 in Polearms
  9907 | D:10     | Found Empozxuw's Distillery.
  9954 | D:10     | Reached XP level 11. HP: 93/101 MP: 13/13
 10745 | D:11     | Killed an unseen horror
 10745 | D:11     | Reached skill level 10 in Armour
 10782 | D:11     | Found a staircase to the Orcish Mines.
 10882 | D:11     | Reached skill level 5 in Invocations
 10910 | D:11     | Received a gift from Okawaru
 11102 | D:11     | Noticed Fannar
 11189 | D:11     | Killed Fannar
 11189 | D:11     | Reached skill level 14 in Polearms
 11260 | D:11     | Found a flagged portal.
 11273 | Bailey   | Entered a bailey
 11988 | D:11     | Killed an unseen horror
 12582 | D:12     | Found a portal to a secret trove of treasure.
 12828 | D:12     | Killed an unseen horror
 12868 | D:12     | Noticed a two-headed ogre
 12886 | D:12     | Killed a two-headed ogre
 12886 | D:12     | Reached XP level 12. HP: 62/112 MP: 9/16
 13137 | D:13     | Found a runed door.
 13362 | D:13     | Found Tededgh's Magic Scroll Shoppe.
 13531 | D:13     | Noticed a fire dragon
 13534 | D:13     | Found a runed door.
 13534 | D:13     | Noticed an ice dragon
 13534 | D:13     | Noticed a fire dragon
 13535 | D:13     | Found the +2 shield of Resistance {rF+ rC+ MR+}
 13543 | D:13     | Noticed an ice dragon
 13548 | D:13     | Noticed a two-headed ogre
 13613 | D:12     | Killed a two-headed ogre
 14163 | D:13     | Noticed an eight-headed hydra
 14177 | D:13     | Killed an eight-headed hydra
 14304 | D:13     | Noticed a centaur warrior
 14345 | D:13     | Killed a centaur warrior
 14345 | D:13     | Reached skill level 15 in Polearms
 14656 | D:14     | Noticed a rakshasa
 14773 | Lair:1   | Entered Level 1 of the Lair of Beasts
 14781 | Lair:1   | Noticed a four-headed hydra
 14797 | Lair:1   | Killed a four-headed hydra
 14903 | Lair:1   | Identified 2 scrolls of acquirement
 14939 | Lair:1   | Noticed a seven-headed hydra
 14951 | Lair:1   | Killed a seven-headed hydra
 15849 | Lair:2   | Noticed a five-headed hydra
 15861 | Lair:2   | Killed a five-headed hydra
 15861 | Lair:2   | Received a gift from Okawaru
 15861 | Lair:2   | Reached XP level 13. HP: 100/122 MP: 10/17
 15866 | Lair:2   | Got a twisted hat {god gift}
 15872 | Lair:2   | Identified the +2 hat "Nioroocs" {Dex+4} (Okawaru gifted it to you on level 2 of the Lair of Beasts)
 16300 | Lair:2   | Found the +7 sceptre of Torment
 16559 | Lair:3   | Reached skill level 5 in Evocations
 16572 | Lair:3   | Reached skill level 16 in Polearms
 16668 | Lair:3   | Found a staircase to the Snake Pit.
 16749 | Lair:3   | Noticed Snorg
 16769 | Lair:3   | Killed Snorg
 17779 | Lair:4   | Reached skill level 17 in Polearms
 17977 | Lair:4   | Received a gift from Okawaru
 17994 | Lair:4   | Noticed Josephine
 18010 | Lair:4   | Killed Josephine
 18367 | Lair:4   | Found a staircase to the Shoals.
 18905 | Lair:5   | Reached XP level 14. HP: 109/132 MP: 18/18
 19430 | Lair:6   | Entered Level 6 of the Lair of Beasts
 19762 | Lair:6   | Reached skill level 18 in Polearms
 19850 | Lair:6   | Reached ****** piety under Okawaru
 20222 | Lair:6   | Drowned by a drowned soul

Skill      XL: |  1  2  3  4  5  6  7  8  9 10 11 12 13 14 |
---------------+-------------------------------------------+-----
Polearms       | 4 5 6 7 8 10 12 13 14 15 17 18 | 18.2
Fighting       | 4 5 6 8 9 10 12 13 14 | 14.7
Armour         | 1 2 3 4 5 6 8 9 11 12 13 14 | 14.3
Invocations    | 2 4 6 7 |  7.0
Evocations     | 1 2 4 5 |  5.0
Dodging        | |  3.5
Stealth        | |  1.5

Action                   |  1- 3 |  4- 6 |  7- 9 | 10-12 | 13-15 || total
-------------------------+-------+-------+-------+-------+-------++-------
Melee: Spear             |    96 |   188 |   436 |   477 |       ||  1197
       Headbutt          |    10 |    34 |    76 |   279 |   269 ||   668
       Punch             |       |       |     2 |     7 |       ||     9
       Trident           |       |       |       |   869 |   825 ||  1694
Throw: Stone             |       |     5 |       |       |       ||     5
Invok: Heroism           |       |     2 |     5 |    27 |    12 ||    46
       Finesse           |       |       |       |     3 |     1 ||     4
Evoke: Wand              |       |       |       |     1 |    24 ||    25
       Fan of gales      |       |       |       |     1 |       ||     1
  Use: Potion            |     1 |       |     1 |     2 |     1 ||     5
       Scroll            |       |     7 |     4 |    19 |     6 ||    36
 Stab: Distracted        |       |       |     1 |     1 |       ||     2
  Eat: Chunk             |     1 |     7 |    15 |    26 |    14 ||    63
       Ration            |       |       |       |     1 |       ||     1
Armor: Chain mail        |    36 |    61 |    79 |       |       ||   176
       Robe              |     1 |       |       |       |       ||     1
       Plate armour      |       |       |    68 |   821 |   386 ||  1275
Dodge: Dodged            |    27 |    45 |   118 |   417 |   268 ||   875
Block: Buckler           |       |       |       |    28 |   168 ||   196
